 Dungeon Crawl Stone Soup version 0.23.0-3-gf3c87f2df8 (webtiles) character file.

Game seed: 17304255922621970738

5633 DildoBatman the Tainter (level 10, -7/68 HPs)
             Began as an Octopode Wizard on Feb 20, 2019.
             Was an Elder of Kikubaaqudgha.
             Killed from afar by a deep troll earth mage (38 damage)
             ... with a blast of rock fragments
             ... on level 9 of the Dungeon.
             The game lasted 00:50:02 (10453 turns).

DildoBatman the Tainter (Octopode Wizard)          Turns: 10453, Time: 00:50:02

Health: -7/68      AC:  1    Str: 13    XL:     10   Next: 74%
Magic:  15/17      EV: 18    Int: 24    God:    Kikubaaqudgha [****..]
Gold:   252        SH:  0    Dex:  5    Spells: 2/19 levels left

rFire    . . .     SeeInvis +   K - +4 glaive of Battle {vamp, Str+6 Dex-5 SInv}
rCold    . . .     Gourm    .   (shield currently unavailable)
rNeg     . . .     Faith    +   l - +0 hat
rPois    +         Spirit   .   y - amulet of faith
rElec    .         Reflect  .   o - +5 ring of evasion
rCorr    .         Harm     .   O - ring of poison resistance
MR       .....                  R - ring of wizardry
Stlth    ++++......             (no ring)
HPRegen  0.21/turn              (no ring)
MPRegen  0.15/turn              (no ring)
                                (no ring)
                                (no ring)

@: flayed
A: almost no armour, stealthy swim, amphibious, 8 rings, constrict 8, camouflage
1, gelatinous body 1
a: Receive Corpses, Renounce Religion


You were on level 9 of the Dungeon.
You worshipped Kikubaaqudgha.
Kikubaaqudgha was greatly pleased with you.
You were not hungry.

You visited 2 branches of the dungeon, and saw 10 of its levels.
You also visited: Sewer and Ossuary.

You collected 551 gold pieces.
You spent 299 gold pieces at shops.

Inventory:

Hand Weapons
 c - a +0 blowgun
 K - the +4 glaive of Battle (weapon) {vamp, Str+6 Dex-5 SInv}
   (You bought it in a shop on level 5 of the Dungeon)

   It inflicts no extra harm, but heals its wielder when it wounds a living foe.
   It affects your strength (+6).
   It affects your dexterity (-5).
   It lets you see invisible.
Missiles
 e - 8 tomahawks (quivered)
 f - 135 bolts
 r - 2 curare-tipped needles
 s - 225 arrows
 w - 62 poisoned needles
 x - 4 throwing nets
 M - 39 sling bullets
 V - 4 needles of paralysis
Armour
 l - a +0 hat (worn)
Magical Staves
 D - an uncursed staff of death {unknown}
Jewellery
 a - an uncursed ring of ice
 o - a +5 ring of evasion (left tentacle)
 y - an amulet of faith (around mantle)
 O - a ring of poison resistance (right tentacle)
 R - a ring of wizardry (on tentacle)
Wands
 J - a wand of digging (4)
 T - a wand of flame (1)
 X - a wand of iceblast (5)
 Z - a wand of scattershot (9)
Scrolls
 b - a scroll of amnesia {unknown}
 i - 2 scrolls of enchant armour
 p - a scroll of random uselessness {unknown}
 z - 2 scrolls of identify
 A - 9 scrolls of remove curse
 C - 2 scrolls of magic mapping
 E - 2 scrolls of enchant weapon {unknown}
 G - 2 scrolls of teleportation
 H - 2 scrolls of blinking
 I - a scroll of fear {unknown}
 L - a scroll of noise {unknown}
 N - a scroll of vulnerability {unknown}
 S - a scroll of holy word {unknown}
Potions
 d - a potion of berserk rage {unknown}
 g - a potion of agility {unknown}
 h - 6 potions of curing
 j - 2 potions of cancellation
 k - 4 potions of might
 m - 7 potions of heal wounds
 n - 4 potions of magic
 t - 4 potions of flight
 u - 2 potions of lignification
 B - 3 potions of degeneration
 F - 2 potions of invisibility
 P - a potion of mutation
 Q - a potion of brilliance {unknown}
 U - a potion of ambrosia {unknown}
 W - a potion of haste {unknown}
Comestibles
 v - 15 rations


   Skills:
 - Level 6.0 Fighting
 * Level 5.2 Polearms
 * Level 3.9 Dodging
 * Level 7.7 Stealth
 * Level 5.1 Spellcasting
 - Level 5.0 Conjurations
   Level 1.0 Summonings
 * Level 2.7 Necromancy
   Level 1.0 Translocations
 - Level 4.0 Fire Magic
 - Level 4.0 Air Magic
 - Level 8.0 Poison Magic
 * Level 2.1 Evocations


You had 2 spell levels left.
You knew the following spells:

 Your Spells              Type           Power        Failure   Level  Hunger
a - Conjure Flame         Conj/Fire      ####....     1%          3    ##.....
b - Vampiric Draining     Necr           ###.......   3%          3    ##.....
c - Magic Dart            Conj           ####         1%          1    None
d - Dispel Undead         Necr           ###.....     30%         5    #####..
e - Mephitic Cloud        Conj/Pois/Air  ####....     1%          3    ##.....
z - Sublimation of Blood  Necr           ###.......   1%          2    None

Your spell library contained the following spells:

 Spells                   Type           Power        Failure   Level  Hunger
 Pain                     Necr           ###.         1%          1    None
 Corpse Rot               Necr           N/A          1%          2    None
 Blink                    Tloc           N/A          3%          2    None
 Call Imp                 Summ           ##......     3%          2    None
 Slow                     Hex            #.......     5%          2    None
 Agony                    Necr           ###.....     30%         5    #####..
 Borgnjor's Vile Clutch   Necr/Erth      ##........   45%         5    #####..
 Death Channel            Necr           ###.......   83%         6    #######
 Simulacrum               Ice/Necr       ##........   95%         6    #######


Dungeon Overview and Level Annotations

Branches:
Dungeon (9/15)             Temple (1/1) D:5            Lair (0/6) D:8
    Orc: D:9-12

Altars:
Ashenzari
Cheibriados
Dithmenos
Elyvilon
Fedhas
Gozag
Hepliaklqana
Kikubaaqudgha
Makhleb
Nemelex Xobeh
Okawaru
Qazlal
Ru
Sif Muna
Trog
Uskayaw
Vehumet
Wu Jian
Xom
Yredelemnul
Zin
The Shining One

Shops:
D:5 ([=

Annotations:
D:5 Grinder, Menkaure, Sigmund


Innate Abilities, Weirdness & Mutations

You cannot wear most types of armour.
You are very stealthy in the water. (Stealth+)
You are amphibious.
You can wear up to eight rings at the same time.
You can use your tentacles to constrict eight enemies at once.
Your skin changes colour to match your surroundings (Stealth+).
Your rubbery body absorbs attacks. (AC +1, EV +1)


Message History

Confirm with . or Enter, or press ? or * to list all spells.
Aiming: Conjure Flame (safe; 1% risk of failure)
Press: ? - help, Dir - move target cursor The fire ignites!
The deep troll earth mage gestures next to the flayed ghost while chanting.
You hear a grinding noise.
You hear a grinding noise.
The flayed ghost stares at you with tortured malice.
Terrible wounds spread across more of your body!
The flayed ghost cries, "Feel what I felt!"
Terrible wounds spread across more of your body!
You hear a grinding noise.
You hear a grinding noise.
The flayed ghost cries, "Feel what I felt!"
The deep troll earth mage casts a spell past you.
The wall shatters!
The blast of rock fragments hits you!!!
Ouch! That really hurt!
You die...
Kikubaaqudgha rasps: "You have failed me!
Welcome... death!"

# #.#
#.##.############.# #
#.#######.##.### #.## #
#.##...........#
########...
######.##.##......#.#
#.........#
.......##.##.#.####.#
#.######...
#####........#<#
##.###.# ####
###.###.#[.#.###...##.#
#...# #.#..#..#.#.#.#.#
#.### #.#..#..@##.##..#
#.# #.#.............#
#.# #.##.##..#..##.##
#.# #.##.##...#.#.##
#.# #.##.........## #.#
#.####....W.#..# #.#
#..........W..T# ..#
########.)..#..#.#
#......##.#.##...#


You could see a flayed ghost and a deep troll earth mage.

Vanquished Creatures
  Harold (D:9)
  A deep elf mage (D:9)
  A hornet (D:6)
  A wraith (Ossuary)
  A steam dragon (D:9)
  An acid dragon (D:9)
  An orc warrior (D:9)
  2 ice beasts
  A hornet zombie (D:9)
  A sky beast (D:9)
  An ogre (D:8)
  A phantom (D:3)
  4 centaurs
  6 big kobolds
  4 bullfrogs
  A wyvern skeleton (D:9)
  5 scorpions
  11 killer bees
  4 wights (D:6)
  A centaur zombie (D:5)
  4 jellies
  A human zombie (Ossuary)
  An orc priest (D:4)
  5 crimson imps
  A gnoll shaman (D:4)
  3 hounds
  A centaur skeleton (D:4)
  6 orc wizards
  8 worker ants
  A killer bee zombie (D:5)
  A big kobold zombie (Ossuary)
  3 hound zombies
  3 mummies (Ossuary)
  A howler monkey zombie (D:8)
  3 worker ant zombies
  A howler monkey skeleton (D:8)
  11 adders
  8 gnolls (D:4)
  5 river rats
  2 shadow imps
  8 oozes
  An adder skeleton (D:3)
  10 worms
  4 dart slugs
  10 leopard geckos
  9 orcs
  6 bats
  8 giant cockroaches
  4 gnoll zombies (Ossuary)
  7 goblins
  10 hobgoblins
  3 jackals (D:4)
  21 kobolds
  2 quokkas
  4 ball pythons
  3 frilled lizards
  2 giant cockroach zombies
  2 goblin zombies (Ossuary)
  A hobgoblin zombie (Ossuary)
  A jackal skeleton (D:4)
  2 kobold zombies (Ossuary)
  A quokka skeleton (D:5)
  A quokka zombie (D:6)
  10 rats
  2 butterflies (D:5)
250 creatures vanquished.

Vanquished Creatures (collateral kills)
  A killer bee (D:8)
1 creature vanquished.

Vanquished Creatures (others)
  2 goblins (D:1)
  A hobgoblin (D:1)
3 creatures vanquished.

Grand Total: 254 creatures vanquished

Notes
Turn   | Place    | Note
-------+----------+-------------------------------------------
     0 | D:1      | DildoBatman the Octopode Wizard began the quest for the
                  | Orb.
     0 | D:1      | Reached XP level 1. HP: 11/11 MP: 4/4
   283 | D:1      | Reached XP level 2. HP: 8/17 MP: 0/6
   682 | D:1      | Reached XP level 3. HP: 19/21 MP: 0/7
   687 | D:1      | Learned a level 3 spell: Conjure Flame
   691 | D:1      | Learned a level 3 spell: Mephitic Cloud
  1454 | D:2      | Reached XP level 4. HP: 25/27 MP: 0/8
  1916 | D:3      | Noticed a bullfrog
  1921 | D:3      | Killed a bullfrog
  1921 | D:3      | Reached skill level 1 in Fighting
  1921 | D:3      | Reached skill level 1 in Fire Magic
  1921 | D:3      | Reached skill level 1 in Air Magic
  1921 | D:3      | Reached skill level 1 in Poison Magic
  1921 | D:3      | Reached XP level 5. HP: 33/33 MP: 5/9
  2490 | D:4      | Noticed a phantom
  2665 | D:4      | Reached XP level 6. HP: 38/38 MP: 5/10
  2692 | D:4      | Reached skill level 2 in Poison Magic
  2794 | D:4      | Found a white marble altar of Elyvilon.
  2816 | D:5      | Entered Level 5 of the Dungeon
  2816 | D:5      | Noticed Sigmund
  3185 | D:5      | Noticed an ice beast
  3480 | D:4      | Reached XP level 7. HP: 45/45 MP: 7/11
  3852 | D:5      | Found a staircase to the Ecumenical Temple.
  3860 | Temple   | Entered the Ecumenical Temple
  4080 | Temple   | Became a worshipper of Kikubaaqudgha
  4112 | D:5      | Reached skill level 3 in Poison Magic
  4282 | D:5      | Reached skill level 5 in Stealth
  4305 | D:5      | Found Sisuruq's Antique Weapon Emporium.
  4318 | D:5      | Noticed Grinder
  4611 | D:4      | Found a basalt altar of Yredelemnul.
  4717 | D:4      | Reached skill level 1 in Polearms
  4792 | D:4      | Reached * piety under Kikubaaqudgha
  4792 | D:4      | Identified Kikubaaqudgha's Tome of Darkness (Kikubaaqudgha
                  | gifted it to you on level 4 of the Dungeon)
  4792 | D:4      | Received a gift from Kikubaaqudgha
  4944 | D:3      | Reached skill level 4 in Poison Magic
  4944 | D:3      | Reached XP level 8. HP: 31/51 MP: 0/12
  5125 | D:5      | Found Gapt's Jewellery Boutique.
  5162 | D:5      | Noticed Menkaure
  5306 | D:5      | Found Jaukki's Armour Emporium.
  5418 | D:4      | Learned a level 3 spell: Vampiric Draining
  6018 | D:6      | Reached skill level 5 in Poison Magic
  6190 | D:6      | Found a glowing drain.
  6235 | Sewer    | Entered a sewer
  6549 | Sewer    | Reached XP level 9. HP: 55/58 MP: 14/14
  6619 | Sewer    | Reached ** piety under Kikubaaqudgha
  6975 | D:6      | Noticed a hornet
  6993 | D:6      | Paralysed by a hornet for 1 turns
  6999 | D:6      | Killed a hornet
  7052 | D:6      | Learned a level 2 spell: Sublimation of Blood
  7213 | D:6      | Reached skill level 5 in Conjurations
  7304 | D:6      | Reached skill level 6 in Poison Magic
  7581 | D:5      | Bought a polished glaive for 299 gold pieces
  7796 | D:7      | Found a sand-covered staircase.
  7898 | D:7      | Reached skill level 5 in Fighting
  7976 | D:7      | Identified the +4 glaive of Battle {vamp, Str+6 Dex-5 SInv}
                  | (You bought it in a shop on level 5 of the Dungeon)
  7978 | Ossuary  | Entered an ossuary
  8070 | Ossuary  | Reached *** piety under Kikubaaqudgha
  8070 | Ossuary  | Identified Kikubaaqudgha's Reference Book on Evil
                  | (Kikubaaqudgha gifted it to you in an ossuary)
  8070 | Ossuary  | Received a gift from Kikubaaqudgha
  8493 | D:7      | Found a deep blue altar of Sif Muna.
  8933 | D:7      | Found a radiant altar of Vehumet.
  8935 | D:7      | Found a burning altar of Makhleb.
  9033 | D:8      | Reached skill level 7 in Poison Magic
  9080 | D:8      | Found a staircase to the Lair.
  9348 | D:8      | Reached XP level 10. HP: 56/68 MP: 0/16
  9625 | D:8      | Found an iron altar of Okawaru.
  9780 | D:8      | Learned a level 5 spell: Dispel Undead
  9791 | D:9      | Reached **** piety under Kikubaaqudgha
  9805 | D:9      | Noticed Harold
  9820 | D:9      | Killed Harold
  9820 | D:9      | Reached skill level 1 in Necromancy
  9820 | D:9      | Reached skill level 8 in Poison Magic
 10000 | D:9      | Found a shattered altar of Ashenzari.
 10003 | D:9      | Found a hazy altar of Hepliaklqana.
 10006 | D:9      | Found an ornate altar of the Wu Jian Council.
 10145 | D:9      | Noticed a deep elf mage
 10149 | D:9      | Killed a deep elf mage
 10149 | D:9      | Reached skill level 5 in Polearms
 10149 | D:9      | Reached skill level 1 in Evocations
 10180 | D:9      | Reached skill level 5 in Spellcasting
 10427 | D:9      | Found a runed translucent door.
 10427 | D:9      | Noticed a deep elf archer
 10427 | D:9      | Noticed a deep troll earth mage
 10427 | D:9      | Noticed a flayed ghost
 10429 | D:9      | Noticed a frost giant
 10429 | D:9      | Noticed an ogre mage
 10429 | D:9      | Noticed a stone giant
 10429 | D:9      | Noticed an eight-headed hydra
 10453 | D:9      | Killed from afar by a deep troll earth mage

Skill      XL: |  1  2  3  4  5  6  7  8  9 10 |
---------------+-------------------------------+-----
Conjurations   | 2 3 4 5 |  5.0
Fighting       | 1 2 4 6 |  6.0
Stealth        | 3 4 5 6 7 |  7.7
Fire Magic     | 1 2 3 4 |  4.0
Air Magic      | 1 2 3 4 |  4.0
Poison Magic   | 1 2 4 5 7 8 |  8.0
Polearms       | 1 3 4 5 |  5.2
Spellcasting   | 4 5 |  5.1
Dodging        | 3 |  3.9
Necromancy     | 2 |  2.7
Evocations     | 2 |  2.1
Summonings     | |  1.0
Translocations | |  1.0

Action                   |  1- 3 |  4- 6 |  7- 9 | 10-12 || total
-------------------------+-------+-------+-------+-------++-------
Melee: Club              |     6 |       |       |       ||     6
       Tentacles         |     3 |     6 |    48 |     5 ||    62
       Constrict         |     4 |    18 |    66 |    12 ||   100
       Unarmed           |     1 |       |       |       ||     1
       Short sword       |     6 |       |       |       ||     6
       Whip              |     5 |    75 |   246 |       ||   326
       Trident           |       |       |    71 |       ||    71
       Blowgun           |       |       |     2 |       ||     2
       Glaive            |       |       |    90 |    79 ||   169
       Spear             |       |       |    43 |       ||    43
 Fire: Blowgun           |       |     2 |     1 |       ||     3
       Shortbow          |       |       |    29 |       ||    29
Throw: Stone             |       |     1 |       |       ||     1
 Cast: Magic Dart        |   102 |    85 |    82 |     9 ||   278
       Mephitic Cloud    |       |     6 |    40 |    14 ||    60
       Conjure Flame     |       |     2 |    39 |     6 ||    47
Evoke: Wand              |       |       |       |     2 ||     2
  Use: Scroll            |       |     6 |       |    10 ||    16
 Stab: Sleeping          |     1 |     1 |    17 |     1 ||    20
       Confused          |       |     2 |    12 |     3 ||    17
  Eat: Chunk             |     1 |     8 |    19 |     5 ||    33
       Ration            |       |       |     3 |       ||     3
Armor: Skin              |       |     3 |    11 |       ||    14
Dodge: Dodged            |    21 |    58 |   249 |    66 ||   394
